Cogmind - Beta 16 --- EXPLORER MODE // 2025.12.08 @ 13:59:04 Player: K.K.Y. Result: Destroyed by 9R-IFI(R) with Subdweller Laser Performance ------------- Evolutions (0) 0 Regions Visited (3) 600 Robots Destroyed (31) 155 Value Destroyed (844) 844 Prototype IDs (0) 0 Alien Tech Used (0) 0 Bonus (0) 0 TOTAL SCORE: 1599 Bonus ------- None Cogmind --------- Core Integrity 0/250 Matter 300/300 Energy 125/125 System Corruption 1% Temperature Cool (6) Movement Flying (200) Ox2 Location -10/Subcaves Parts ------- > --- POWER (1) -------- Light Ion Engine > --- PROPULSION (2) --- Flight Unit > --- UTILITY (3) ------ Targeting Computer > --- WEAPON (2) ------- Barrage Gun Makeshift Hammer > --- INVENTORY (5) ---- Huge Storage Unit Improved Terrain Scanner Heavy Riot Gun Datajack Mining Laser Peak State ------------ > --- POWER ------------ Light Ion Engine > --- PROPULSION ------- Flight Unit > --- UTILITY ---------- Targeting Computer > --- WEAPON ----------- Barrage Gun Makeshift Hammer > --- INVENTORY -------- Huge Storage Unit Improved Terrain Scanner Heavy Riot Gun Datajack Mining Laser [Rating: 11] Favorites ----------- Power Light Ion Engine Engine Light Ion Engine Propulsion Flight Unit Hover Unit Hover Unit Flight Unit Flight Unit Utility Targeting Computer Processor Targeting Computer Weapon Makeshift Hammer Energy Gun Heavy EM Pulse Gun Ballistic Gun Barrage Gun Ballistic Cannon Battle Cannon Special Weapon Mining Laser Impact Weapon Makeshift Hammer Build | -11 -10 -10 -10 ------- Run | Yrd Mat Min Sub Slots Evolved 1 | . 1 . . Power . | . . . . Propulsion . | . . . . Utility 1 | . 1 . . Weapon . | . . . . Parts Attached 16 | 2 4 5 5 Power 1 | . . . 1 Engine 1 | . . . 1 Core . | . . . . Reactor . | . . . . Propulsion 4 | . 1 1 2 Treads . | . . . . Leg . | . . . . Wheel . | . . . . Hover 2 | . 1 1 . Flight 2 | . . . 2 Utility 1 | . . 1 . Device . | . . . . Storage . | . . . . Processor 1 | . . 1 . Hackware . | . . . . Protection . | . . . . Artifact . | . . . . Weapon 10 | 2 3 3 2 Energy Gun 5 | 1 3 1 . Energy Cannon . | . . . . Ballistic Gun 2 | 1 . . 1 Ballistic Cannon 1 | . . . 1 Launcher . | . . . . Special Weapon 1 | . . 1 . Impact Weapon 1 | . . 1 . Slashing Weapon . | . . . . Piercing Weapon . | . . . . Special Melee Weapon . | . . . . Unidentified Prototypes . | . . . . Parts Lost 6 | . 1 3 2 Power . | . . . . Propulsion 3 | . . 1 2 Utility . | . . . . Weapon 3 | . 1 2 . Highest Loss Streak 2 | . 1 2 1 To Critical Strikes . | . . . . Average Backups 4 | 2 4 5 5 Power . | . 1 1 . Propulsion . | . . . . Utility 2 | 1 2 2 2 Weapon 1 | . 1 1 1 Tool/Special . | . . . . Unused Backups 5 | . 1 . 4 Power . | . . . . Propulsion . | . . . . Utility 2 | . . . 2 Weapon 2 | . 1 . 1 Tool/Special 1 | . . . 1 Average Slot Usage (%) 44 | . 27 36 55 Engine 1 | . . . 2 Hover 4 | . 3 11 3 Flight 6 | . . . 11 Processor 7 | . . 8 12 Energy Gun 8 | . 23 7 . Ballistic Gun 4 | . 1 . 7 Ballistic Cannon 2 | . . . 3 Impact Weapon 7 | . . 7 12 Peak Build Rating 11 | 2 5 7 11 Average Rating 6 | 1 3 5 9 On Entrance 3 | . 2 5 7 Avg Prop Armor Cover (%) . | . . . . Naked Turns 22 | . 6 16 . Heaviest Build 9 | 4 6 6 9 Greatest Support 8 | 3 6 6 8 Greatest Overweight (x) 2 | 1 1 . 2 Average Overweight (x) . | . . . . Largest Inventory Capacity 5 | 5 5 5 5 Average Capacity 5 | 5 5 5 5 Most Carried 5 | 4 5 5 5 Average Carried 4 | 2 4 4 4 Final Capacity 5 | 5 5 5 5 Final Carried 5 | 4 5 5 5 Class Distribution -------------------- 100% | Hacker-Mutant Dominant Class ---------------- Hacker-Mutant | -10/Materials Hacker-Mutant | -10/Mines Hacker-Mutant | -10/Subcaves Resources | -11 -10 -10 -10 ----------- Run | Yrd Mat Min Sub Matter Collected 642 | 214 101 50 277 Remotely . | . . . . Salvage Created 1151 | 96 552 178 325 Parts 57 | 5 28 6 18 Haulers Intercepted 2 | . 2 . . Recyclers Shooed . | . . . . Parts Field Recycled . | . . . . Retrieved Matter . | . . . . Parts Self-Destructed . | . . . . Prevented . | . . . . Parts Restored . | . . . . Kills | -11 -10 -10 -10 ------- Run | Yrd Mat Min Sub Combat Hostiles Destroyed 20 | . 6 3 11 Melee 3 | . . 1 2 Guns 6 | . 6 . . Cannons 7 | . . . 7 Classes Destroyed 11 | 2 3 2 4 Worker 1 | . . 1 . Builder 1 | . . 1 . Tunneler 1 | 1 . . . Hauler 2 | . 2 . . Recycler 2 | 1 1 . . Turret 2 | . . . 2 Watcher 2 | . 2 . . Swarmer 3 | . . . 3 Grunt 9 | . 6 3 . Sentry 1 | . . . 1 Subdweller 7 | . . . 7 Best Kill Streak 4 | 1 4 2 3 Combat Bots Only 3 | . 2 2 3 Max Kills in Single Turn 1 | 1 1 1 1 Gunslinging . | . . . . Exploded . | . . . . Melee 1 | . . 1 1 Uniques/NPCs Destroyed . | . . . . Combat | -11 -10 -10 -10 -------- Run | Yrd Mat Min Sub Hostile Shots Fired 162 | . 29 25 108 Missed 77 | . 11 12 54 Hits 85 | . 18 13 54 Projectile 85 | . 18 13 54 AOE 2 | . . . 2 Critical Strikes 3 | . 1 1 1 Damage Taken 733 | . 197 135 401 Core 260 | . 49 38 173 Absorbed by Shields . | . . . . Ignored by Resistances 459 | . 121 81 257 Core Remaining (%) 100 | 100 . . . Volleys Fired 84 | 6 23 12 43 Largest 2 | 2 2 2 1 Hottest 90 | 70 90 90 33 Shots Fired 110 | 12 42 13 43 Gun 69 | 12 42 13 2 Cannon 41 | . . . 41 Launcher . | . . . . Special . | . . . . Kinetic 56 | 6 7 . 43 Thermal 14 | 6 7 1 . Explosive . | . . . . Electromagnetic 40 | . 28 12 . Robot Hit Streak 27 | 11 25 16 27 Robot Miss Streak 1 | . 1 . 1 Penetration Max . | . . . . Secondary Targets 1 | . 1 . . Max Gunslinging Chain 1 | . 1 . . Shots Hit Robots 114 | 11 33 17 53 Core Hits 34 | 3 16 3 12 Critical Kills . | . . . . Critical Parts Destroyed 4 | . . . 4 Critical Strikes 8 | . . . 8 Blast 3 | . . . 3 Smash 5 | . . . 5 Melee Attacks 36 | . . 4 32 Impact 36 | . . 4 32 Slashing . | . . . . Piercing . | . . . . Sneak Attacks 2 | . . 1 1 Combat Hostiles 1 | . . . 1 Follow-up Attacks . | . . . . Damage Inflicted 2770 | 130 561 486 1593 Guns 856 | 130 519 207 . Cannons 768 | . . . 768 Explosions 130 | . 39 91 . Melee 1013 | . . 188 825 Ramming 3 | . 3 . . Kinetic 900 | 69 63 . 768 Thermal 288 | 61 126 101 . Explosive . | . . . . Electromagnetic 566 | . 369 197 . Impact 1013 | . . 188 825 Slashing . | . . . . Piercing . | . . . . Highest Corruption 1 | . 1 1 1 Average Corruption 1 | . 1 1 1 Corruption Purged . | . . . . Corruption Blocked . | . . . . Effects 16 | . 1 1 14 Message Errors 1 | . . . 1 Matter Fused 3 | . . . 3 Heat Flow Errors 3 | . . . 3 Energy Discharges 2 | . 1 . 1 Data Loss (minor) 5 | . . . 5 Data Loss (major) 2 | . . 1 1 Overload Shots . | . . . . Overflow Damage 327 | . . 59 268 Projectiles 20 | . . . 20 Explosions 17 | . . 17 . Melee 290 | . . 42 248 Knockbacks 13 | . . 1 12 Impact 7 | . . 1 6 Kinetic 6 | . . . 6 Secondary . | . . . . Self-Inflicted Damage 17 | . 1 16 . Shots 1 | . . 1 . Rammed 1 | . 1 . . Targets Rammed 1 | . 1 . . Kicked . | . . . . Crushed . | . . . . Highest Temperature 217 | . 54 91 217 Average Temperature 32 | . 15 54 89 Received Heat Transfer 462 | . 168 126 168 Siege Activations . | . . . . Martial Activations . | . . . . Shielding Activations . | . . . . Robots Disrupted . | . . . . Combat Hostiles . | . . . . Robots Corrupted 5 | . . 3 2 Combat Hostiles 4 | . . 2 2 Parts Fried 8 | . 1 4 3 Impact Corruptions 10 | . . 3 7 Robots Melted . | . . . . Combat Hostiles . | . . . . Parts Melted . | . . . . Heat Transferred 619 | 185 309 125 . Parts Sabotaged . | . . . . Parts Stolen . | . . . . Parts Stripped . | . . . . Power Chain Reactions 3 | . 1 2 . Alert | -11 -10 -10 -10 ------- Run | Yrd Mat Min Sub Maximum Alert Level . | . . . . Low Security (%) 100 | 100 100 100 . Level 1 . | . . . . Level 2 . | . . . . Level 3 . | . . . . Level 4 . | . . . . Level 5 . | . . . . High Security . | . . . . Max Security . | . . . . Peak Influence 50 | 5 50 50 . Initial . | . . . . Average 5 | . 6 5 . Influence Increases 515 | 10 190 120 195 Destroy 0b10 Robot/C 300 | . 120 60 120 Destroy 0b10 Robot/NC 45 | 10 25 10 . Destroy Leader 48 | . 38 10 . Disable Machine 4 | . 4 . . Destroy Structure 13 | . 3 10 . Lose Combat Pursuer 105 | . . 30 75 Influence Decreases 515 | 10 190 120 195 Time Decay 489 | 10 180 114 185 Lost Part 26 | . 10 6 10 Squads Dispatched . | . . . . Investigation . | . . . . Extermination . | . . . . Reinforcement . | . . . . Assault . | . . . . Garrison . | . . . . Intercept . | . . . . Searches Triggered . | . . . . Construction Impeded . | . . . . Haulers Reinforced . | . . . . Active Scanning Responses . | . . . . Cargo Convoy Interrupts . | . . . . Stealth | -11 -10 -10 -10 --------- Run | Yrd Mat Min Sub Distress Signals . | . . . . Communications Jammed . | . . . . Distress Signals . | . . . . Times Spotted 36 | . 9 5 22 Peak Tracking Total 5 | . 3 2 5 Tactical Retreats 8 | . . 1 7 Traps | -11 -10 -10 -10 ------- Run | Yrd Mat Min Sub Traps Triggered 6 | . 6 . . Indirectly . | . . . . Trap Hack Attempts . | . . . . Triggered . | . . . . Disarmed . | . . . . Reprogrammed . | . . . . Reused . | . . . . Traps Extracted . | . . . . Installed . | . . . . Triggered . | . . . . Machines | -11 -10 -10 -10 ---------- Run | Yrd Mat Min Sub Machines Disabled 3 | . 1 . 2 Max in Single Turn 1 | . 1 . 1 Machines Repaired . | . . . . Machines Dismantled . | . . . . Machines Sabotaged . | . . . . Overloaded Fab Kills . | . . . . Hacking | -11 -10 -10 -10 --------- Run | Yrd Mat Min Sub Machines Accessed 1 | . . . 1 Terminals . | . . . . Fabricators . | . . . . Repair Stations . | . . . . Recycling Units . | . . . . Scanalyzers . | . . . . Garrison Access . | . . . . Total Hacks 4 | . . . 4 Successful 4 | . . . 4 Failed . | . . . . Catastrophic . | . . . . Database Lockouts . | . . . . Manual . | . . . . Terminals . | . . . . Fabricators . | . . . . Repair Stations . | . . . . Recycling Units . | . . . . Scanalyzers . | . . . . Garrison Access . | . . . . Terminal Hacks 4 | . . . 4 Record 4 | . . . 4 Fabricator Hacks . | . . . . Repair Station Hacks . | . . . . Recycling Unit Hacks . | . . . . Scanalyzer . | . . . . Garrison Access Hacks . | . . . . Unauthorized Hacks . | . . . . Terminals . | . . . . Fabricators . | . . . . Repair Stations . | . . . . Recycling Units . | . . . . Scanalyzers . | . . . . Garrison Access . | . . . . Data Cores Recovered . | . . . . Used . | . . . . Hacking Detections . | . . . . Full Trace Events . | . . . . Feedback Events . | . . . . Feedback Blocked . | . . . . Robot Schematics Acquired . | . . . . Robots Built . | . . . . Authchips . | . . . . Time . | . . . . Total Robot Build Rating . | . . . . Part Schematics Acquired . | . . . . Parts Built . | . . . . Authchips . | . . . . Time . | . . . . Total Part Build Rating . | . . . . Part Studies Acquired . | . . . . Parts Repaired . | . . . . Time . | . . . . Parts Recycled . | . . . . Recycled Matter . | . . . . Retrieved Matter . | . . . . Retrieved Components . | . . . . Parts Scanalyzed . | . . . . Part Schematics Acquired . | . . . . Parts Damaged . | . . . . Bothacking | -11 -10 -10 -10 ------------ Run | Yrd Mat Min Sub Used RIF Installer . | . . . . Robots Hacked . | . . . . Non-combat . | . . . . Combat . | . . . . Robot Hacks Applied . | . . . . Relay Couplers Released . | . . . . Fabnet Peak Effective % . | . . . . Robots Rewired . | . . . . Allies Hacked . | . . . . Hacks Repelled . | . . . . Allies | -11 -10 -10 -10 -------- Run | Yrd Mat Min Sub Total Allies . | . . . . Largest Group . | . . . . Highest-Rated Group . | . . . . Highest-Rated Ally . | . . . . Total Orders . | . . . . Ally Attacks . | . . . . Total Damage . | . . . . Kills . | . . . . Allies Corrupted . | . . . . Allies Melted . | . . . . Intel | -11 -10 -10 -10 ------- Run | Yrd Mat Min Sub Active Infowar (turns) . | . . . . Robot Analysis Total . | . . . . Derelict Logs Recovered 2 | . . . 2 Drone Launches . | . . . . Drone Recoveries . | . . . . Exploration | -11 -10 -10 -10 ------------- Run | Yrd Mat Min Sub Turns Passed 2714 | 77 794 425 1418 Spaces Moved 2963 | 70 822 544 1527 Core 592 | 70 491 30 1 Treads . | . . . . Legs . | . . . . Wheels . | . . . . Hover 1380 | . 331 514 535 Flight 991 | . . . 991 Fastest Speed 37 | 50 50 50 37 Average Speed 75 | 74 82 59 76 Slowest Speed 200 | 100 100 60 200 Overloaded Moves . | . . . . Propulsion Burnouts . | . . . . Robots Hopped . | . . . . Potential Cave-ins . | . . . . Cave-ins Triggered . | . . . . Exploration Rate (%) 65 | 4 79 100 77 Regions Visited 3 Branch Regions 2 Pre-discovered Areas 2 | . . 1 1 Known Exits Taken 3 | 1 1 1 . Unknown Exits Taken . | . . . . Scrap Searched 8 | . . . 8 Spaces Dug 3 | . . . 3 Terrain Destroyed 18 | . 3 12 3 Melee 3 | . . . 3 Projectile . | . . . . AOE 15 | . 3 12 . Terrain Rammed . | . . . . Walls Destroyed . | . . . . Machines Disabled . | . . . . Actions | -11 -10 -10 -10 --------- Run | Yrd Mat Min Sub Total 3301 | 83 896 627 1695 Wait 185 | . 37 61 87 Move 2960 | 69 821 543 1527 Hop . | . . . . Pick Up 12 | 6 4 1 1 Fast Attach 10 | . 5 3 2 Attach 6 | 2 1 2 1 Detach 1 | . . 1 . Swap 2 | . . . 2 Drop 4 | . 4 . . Fire 84 | 6 23 12 43 Melee 36 | . . 4 32 Ram 1 | . 1 . . Kick . | . . . . Crush . | . . . . Escape Stasis . | . . . . Rewire . | . . . . Trap . | . . . . Miscellaneous . | . . . . Route ------- -11/Scrapyard -10/Materials (discovered 5 exits: *Mat x3 / *Min / *Sub) -10/Mines (discovered 3 exits: *Mat x2 / *Sub) -10/Subcaves (discovered 3 exits: *Mat x2 / *Rec) History --------- Turn | Location | Event 6 | -11/Scrapyard | Identified exit to Materials 6 | -11/Scrapyard | Discovered exit to Materials (range 16) 78 | -11/Scrapyard | Entered Materials 78 | -10/Materials | Evolved 1 slot: Utility x1 223 | -10/Materials | Identified exit to Materials 223 | -10/Materials | Discovered exit to Materials (range 5) 305 | -10/Materials | Build established: Hacker-Mutant 459 | -10/Materials | Identified exit to Mines 459 | -10/Materials | Discovered exit to Mines (range 7) 480 | -10/Materials | Discovered exit to Materials (range 16) 674 | -10/Materials | Discovered exit to Materials (range 5) 734 | -10/Materials | Identified exit to Subcaves 734 | -10/Materials | Discovered exit to Subcaves (range 8) 872 | -10/Materials | Entered Mines 873 | -10/Mines | Learned location of Storage (-9) 888 | -10/Mines | Received a Rocket Launcher from a helpful Derelict 978 | -10/Mines | Discovered exit to Materials (range 16) 1032 | -10/Mines | A weapon hastily lodged in a ceiling crevice suddenly fell to the ground 1223 | -10/Mines | Discovered exit to Materials (range 4) 1294 | -10/Mines | Discovered exit to Subcaves (range 6) 1297 | -10/Mines | Entered Subcaves 1298 | -10/Subcaves | Approached by a straggling Scientist 1325 | -10/Subcaves | Shifting Twisted Machinery released Scrap Shield 1326 | -10/Subcaves | Shifting Twisted Machinery released Battle Cannon 1370 | -10/Subcaves | Visited Clippyterm 1372 | -10/Subcaves | Learned Research machine intel 1376 | -10/Subcaves | Learned location of Zion (-6) 1376 | -10/Subcaves | Met a Zionite searching for "candidates" 1490 | -10/Subcaves | Identified exit to Materials 1490 | -10/Subcaves | Discovered exit to Materials (range 15) 1690 | -10/Subcaves | Discovered exit to Materials (range 7) 1694 | -10/Subcaves | Identified exit to Recycling 1694 | -10/Subcaves | Discovered exit to Recycling (range 10) 1709 | -10/Subcaves | Core integrity fell below 50% 1733 | -10/Subcaves | Learned Materials trap positions 1739 | -10/Subcaves | A swath of the cavern ceiling suddenly collapsed 1778 | -10/Subcaves | Learned Materials garrison access intel 1945 | -10/Subcaves | Ambushed by Subdwellers from Twisted Machinery 2359 | -10/Subcaves | Core integrity fell below 20% 2715 | -10/Subcaves | Destroyed by 9R-IFI(R) with Subdweller Laser Last Messages --------------- 02362_ Acquired 10 matter. 02368_ Destroyed Sub. Machine Gun. 02368_ GP-YNH(R) system corrupted by crushing effect. 02369_ GP-YNH(R) system terminally corrupted. 02369_ Scrap Shield fried. 02369_ Sub. Monowheel fried. 02372_ Acquired Hvy. Riot Gun. 02441_ RMVDAM&=Z5&J2O0HCMPKLB, 8QVOEKA=1A TW 02527_ Acquired 10 matter. 02613_ System corrupted: Heat flow error (+168). 02665_ Searching scrap... 02665_ Found Battle Rifle. 02665_ Found Mak. Hammer. 02665_ Found 34 Matter. 02671_ Searching scrap... 02671_ Found Sub. Laser. 02671_ Found 58 Matter. 02695_ System corrupted: Component data lost. 02711_ 9R-IFI(R) suffers critical hit (Smash). Map ----- +----------------------------------------------------+ | ?????????????????????????????????????????????????? | | ?????????????????????????????????????????????????? | | ?????????????????????????????????????????????????? | | ?????????????????????????????????????????????????? | | ?????????????????????????????????????????????????? | | ?????????????????????????????????????????????????? | | ?????????????????????????????????????????????????? | | ?????????????????????????????????????????????????? | | ?????????????????????????????????????????????????? | | ?????????????????????????????????????????????????? | | ???????????????????? #???????????????????????????? | | ????????????????????? ##?????????????????????????? | | ????????????????????? ?????????????????????????? | | ????????????????????? ?????????????????????????? | | ????????????????????? #????????????????????????? | | ?????????????????????# ????#######?????????????? | | ????????????????????## ????#[ # #?????????????? | | ????????????????????# ????#% #?????????????? | | ????????????????????# #????##"/###?????????????? | | ????????????????????? ##???### %#??????????????? | | ?????????????????????# #???# #[###?????????????? | | ?????????????????????# #???# < < #?????????????? | | ????????????????????## ##### ##?????#######? | | ????????????????????# R ## ## ##?#### #? | | ?????????????????????# ### ## | | ???????????# ????#??## #@ # | | ???????????# # # # ## ## | | ???????? " " # ### ### | | ???????? & # ### ### | | ???????? ## " # ### # ## | | ??????????????## $ #?## ##### | | ???????????????# " ?# #???# ## | | ???????????????## & ##???# #### | | ????????????????#### ????# #?# | | ???????????????????# ???# ### | | ??????????????????? ### ?# ##?# | | ?????????????????? #?## ## #?# ###??### | | ?????????????????? ??########?#####???????? | | ?????????????????# ### ???????????????????????? | | ?????????????????## ???##???????????????????????? | | ??????????????????# ????????????????????????????? | | ?????????????????? ????????????????????????????? | | ???????????????????#?????????????????????????????? | | ?????????????????????????????????????????????????? | | ?????????????????????????????????????????????????? | | ?????????????????????????????????????????????????? | | ?????????????????????????????????????????????????? | | ?????????????????????????????????????????????????? | | ?????????????????????????????????????????????????? | | ?????????????????????????????????????????????????? | +----------------------------------------------------+ Best States ------------- Heat Dissipation 25 Energy Generation 10 Energy Capacity 125 Matter Stores 300 Matter Capacity 300 Sight Range 16 Terrain Scan Density 10 Resistance: KI 35 Resistance: TH 35 Resistance: EX 35 Resistance: EM 35 Resistance: I 35 Resistance: S 35 Resistance: P 35 Evasion (%) 62 Targeting Accuracy 5 Offensive Hacking 20 Item Schematics ----------------- None Robot Schematics ------------------ None Fabricated ------------ Nothing Repaired ---------- Nothing Studied --------- None Alien Tech Used ----------------- None Achievements -------------- None Challenges ------------ None Game ------ Seed CombatAdvancedReconfigurator Manual? 0 Play Time 00:18:41 Cumulative 176.8 hours Start 2025.12.08 @ 13:41:24 End 2025.12.08 @ 13:59:04 Sessions 1 Manual Loads 0 Difficulty Explorer Special Mode None Game No. 249 Rogue 0 Adventurer 0 Explorer 249 Win Type - Total 0 Types 0/0/0/0/0/0/0/0/0/0 Lore% 70 Gallery% 67 Achievement% 53 Wizard Run 0 Options --------- Layout 1 ASCII 0 Keyboard 0 Movement Mouse Keybinds 0 Fullscreen 1 Font 24/Smallcaps Map View 50x35 Zoom Use 0% Tactical HUD 1 Map Filters NONE Filters NONE Steam 1 RUN: 46a96860-c69c-405d-8f22-c84ffa628267